 Dungeon Crawl Stone Soup version 0.29.0-4-gdea44cf6ec (webtiles) character file.

Game seed: 9417416421909508351

37175 qw the Severer (level 13, -2/129 HPs)
             Began as a Gargoyle Berserker on Sept 5, 2022.
             Was an Elder of Trog.
             Slain by an entropy weaver (6 damage)
             ... on level 4 of the Lair of Beasts.
             The game lasted 00:07:32 (22806 turns).

qw the Severer (Gargoyle Berserker)                Turns: 22806, Time: 00:07:33

Health: -2/129     AC: 36    Str: 26    XL:     13   Next: 95%
Magic:  13/13      EV:  9    Int:  8    God:    Trog [****..]
Gold:   978        SH:  6    Dex: 15    Spells: 12/12 levels left

rFire   + . .      SeeInvis +   a - +0 morningstar
rCold   + . .      Faith    .   n - +0 buckler
rNeg    + . .      Spirit   .   e - +4 plate armour
rPois   inf        Reflect  .   u - +2 helmet
rElec   +          Harm     .   s - +0 cloak
rCorr   .          Rampage  .   (no gloves)
Will    .....                   y - +1 pair of boots of Noasuyli {rF+ rC+ Dex+6}
Stlth   ..........              (no amulet)
HPRegen 0.31/turn               o - ring of see invisible
MPRegen 0.13/turn               q - +4 ring of protection

@: berserking (expiring), corroded, very quick
A: sickness immunity, AC +9, negative energy resistance 1, electricity
resistance, torment resistance 1, petrification resistance
a: Renounce Religion, Berserk, Trog's Hand, Brothers in Arms


You were on level 4 of the Lair of Beasts.
You worshipped Trog.
Trog was greatly pleased with you.
You visited 2 branches of the dungeon, and saw 16 of its levels.
You also visited: Ossuary.

You collected 978 gold pieces.


Innate Abilities, Weirdness & Mutations

You are immune to sickness and miasma.
Your stone body is resilient. (AC +9)
You are immune to poison.
You resist negative energy. (rN+)
You are resistant to electric shocks. (rElec)
You are resistant to unholy torment.
You are immune to petrification.


   Skills:
 - Level 12.0 Fighting
 + Level 15.3 Axes
 - Level 3.3 Throwing
 - Level 11.0 Armour
 - Level 4.3 Dodging
 - Level 7.3 Shields


You had 12 spell levels left.
You didn't know any spells.
Your spell library was empty.

Inventory:

Hand Weapons
 a - a +0 morningstar (weapon)
 Y - a +2 broad axe
Missiles
 w - 3 boomerangs (quivered)
Armour
 b - the +1 pair of gloves of Kino {-Tele Contam rPois Str+8}
   (You acquired it on level 5 of the Dungeon)

   Str:       It affects your strength (+8).
   rPois:     It protects you from poison.
   -Tele:     It prevents most forms of teleportation.
   Contam:    It causes magical contamination when unequipped.
 e - a +4 plate armour (worn)
 n - a +0 buckler (worn)
 s - a +0 cloak (worn)
 u - a +2 helmet (worn)
 y - the +1 pair of boots of Noasuyli (worn) {rF+ rC+ Dex+6}
   (You acquired it on level 2 of the Lair of Beasts)

   Dex:       It affects your dexterity (+6).
   rF:        It protects you from fire.
   rC:        It protects you from cold.
Jewellery
 o - a ring of see invisible (left hand)
 q - a +4 ring of protection (right hand)
 v - a ring of ice
Scrolls
 m - 7 scrolls of teleportation
 p - a scroll of identify
Potions
 c - a potion of berserk rage {unknown}
 d - 2 potions of resistance
 f - a potion of heal wounds
 g - a potion of brilliance {unknown}
 h - 3 potions of curing
 i - 2 potions of cancellation
 j - a potion of haste
 r - a potion of mutation {unknown}
 t - a potion of might

Dungeon Overview and Level Annotations

Branches:
Dungeon (11/15)            Temple (0/1) D:7            Lair (5/5) D:11
  Swamp (0/4) Lair:2       Spider (0/4) Lair:2        Slime (0/5) Lair:4
    Orc (0/2) D:11        Ossuary (visited)

Altars:
Dithmenos
Fedhas
Gozag
Kikubaaqudgha
Okawaru
Ru
Trog
Uskayaw
Xom
Yredelemnul
Zin
The Shining One
Jiyva

Shops:
D:10 :

Annotations:
D:5 3 runed translucent doors, qw's ghost, novice BaCK
Lair:3 1 runed translucent door, qw's ghost, journeyman TrCA
Lair:4 1 runed translucent door


Message History

The entropy weaver hits you but does no damage.
The entropy weaver hits you!
You hit the entropy weaver.
The entropy weaver is lightly wounded.
The fire crab bites you.
You are engulfed in flames!
You resist.
The fire crab claws you but does no damage.
You closely miss the entropy weaver.
The entropy weaver is lightly wounded.
The entropy weaver hits you but does no damage.
The entropy weaver closely misses you.
The entropy weaver completely misses you.
The entropy weaver hits you but does no damage.
The fire crab bites you but does no damage.
The fire crab claws you.
You are engulfed in flames!
You resist.
You closely miss the entropy weaver.
The entropy weaver is lightly wounded.
The entropy weaver hits you but does no damage. x4
You sock the entropy weaver!
The entropy weaver is moderately wounded.
The fire crab bites you but does no damage.
You block the fire crab's attack.
The entropy weaver hits you but does no damage.
The entropy weaver hits you.
The entropy weaver hits you but does no damage. x2
You barely miss the entropy weaver.
The entropy weaver is moderately wounded.
You puncture the entropy weaver!
The entropy weaver is heavily wounded.
The fire crab barely misses you. x2
The entropy weaver hits you but does no damage. x2
The entropy weaver hits you. x2
You puncture the entropy weaver!
The entropy weaver is severely wounded.
The fire crab bites you but does no damage.
You block the fire crab's attack.
The entropy weaver hits you but does no damage. x4
You hit the entropy weaver but do no damage.
The entropy weaver is severely wounded.
The entropy weaver hits you. x2
You die...

#...##...## ##...
..P#####..## ##..
.....# ##..## ##.
../..# #...# ###
#.. ..#+## #####
### ##.# #.. ..#.#
..# ####..####..
..#.# #%#
###...........
..#.#
#B###.............
..#.#
#@##..............
..#.#
#t#...............
..#.#
#.#...............
..#
#.#...............
..#
#.#...............
#.#
..#...............
#.######
###...............
#...#..#
##..............
#.....## ###
###.......<>...


You could see an entropy weaver and a fire crab.

Vanquished Creatures
  Gastronok (Lair:3)
  5 hydras
  A boulder beetle (D:10)
  3 two-headed ogres
  A catoblepas (Lair:3)
  2 death yaks (Lair:4)
  Nergalle (Lair:2)
  Sonja (Lair:2)
  A deep elf pyromancer (D:10)
  2 cyclopes (D:11)
  Maurice (D:8)
  10 elephants
  4 black mambas
  A gargoyle (D:11)
  5 cane toads
  3 unseen horrors
  An unseen horror zombie (D:10)
  A rime drake (Lair:3)
  12 komodo dragons
  A hornet (D:9)
  36 yaks
  5 wyverns
  Grum (D:8)
  8 basilisks
  2 steam dragons
  2 acid dragons (D:9)
  3 black bears
  16 water moccasins
  4 orc warriors
  An ice beast (D:6)
  21 wolves
  2 ogres (D:6)
  6 centaurs
  2 kobold brigands
  A phantom (D:4)
  9 bullfrogs
  2 elf zombies (Ossuary)
  2 necrophages (D:8)
  A gnoll sergeant (D:8)
  A scorpion (D:6)
  4 killer bees (D:9)
  7 howler monkeys
  2 centaur zombies (Ossuary)
  3 hounds
  2 human zombies (Ossuary)
  5 jellies
  6 orc priests
  A gnoll bouda (D:8)
  An iguana (Lair:2)
  An orc wizard (D:11)
  3 hound zombies (Ossuary)
  3 mummies (Ossuary)
  A howler monkey zombie (D:10)
  6 adders
  18 gnolls
  2 white imps
  An ufetubus (D:4)
  6 adder zombies (Ossuary)
  2 worms (D:5)
  3 dart slugs
  43 orcs
  7 ball pythons
  6 endoplasms
  A giant cockroach (D:1)
  6 goblins
  11 hobgoblins
  8 jackals
  7 quokkas
  2 bats (D:1)
  3 frilled lizards
  A gnoll zombie (Ossuary)
  4 goblin zombies (Ossuary)
  2 hobgoblin zombies (Ossuary)
  3 jackal zombies (Ossuary)
  14 kobolds
  3 kobold zombies (Ossuary)
  2 orc zombies (Ossuary)
  2 quokka zombies (Ossuary)
  13 rats
  6 rat zombies (Ossuary)
403 creatures vanquished.

Vanquished Creatures (collateral kills)
  A rime drake (Lair:2)
  A swamp drake (Lair:2)
  An orc warrior (D:11)
  An orc (D:11)
4 creatures vanquished.

Vanquished Creatures (others)
  A kobold zombie (Ossuary)
  7 fungi
  16 plants
24 creatures vanquished.

Grand Total: 431 creatures vanquished

Notes
Turn   | Place    | Note
-------+----------+-------------------------------------------
     0 | D:1      | qw the Gargoyle Berserker began the quest for the Orb.
     0 | D:1      | Reached XP level 1. HP: 14/14 MP: 1/1
     0 | D:1      | 0 ||| qw: Version: 0.1-a-104-g96f76f8
     0 | D:1      | 0 ||| qw: Game counter: 6016
     0 | D:1      | 0 ||| qw: Always use a shield: true
     0 | D:1      | 0 ||| qw: Do Orc after D:15 true
     0 | D:1      | 0 ||| qw: Do second Lair branch before Depths: true
     0 | D:1      | 0 ||| qw: Lair rune preference: random
     0 | D:1      | 0 ||| qw: Plans: Normal
     0 | D:1      | 0 ||| PLANNING D:1-11
    49 | D:1      | 49 ||| INVOKING Berserk.
   294 | D:1      | Reached skill level 3 in Axes
   306 | D:1      | 306 ||| Stepping ~*~*~tactically~*~*~ (hiding).
   408 | D:1      | 408 ||| Stepping ~*~*~tactically~*~*~ (hiding).
   510 | D:1      | 510 ||| Stepping ~*~*~tactically~*~*~ (hiding).
   612 | D:1      | 612 ||| Stepping ~*~*~tactically~*~*~ (hiding).
   620 | D:1      | Reached XP level 2. HP: 15/19 MP: 2/2
   834 | D:1      | 834 ||| DROPPING +0 club.
   886 | D:1      | 886 ||| Stepping ~*~*~tactically~*~*~ (stealth).
   887 | D:1      | 887 ||| Stepping ~*~*~tactically~*~*~ (stealth).
   907 | D:1      | 907 ||| INVOKING Berserk.
  1117 | D:1      | 1117 ||| INVOKING Berserk.
  1300 | D:1      | Reached XP level 3. HP: 23/23 MP: 3/3
  1422 | D:1      | 1422 ||| Stepping ~*~*~tactically~*~*~ (stealth).
  2016 | D:1      | Found a faded altar of an unknown god.
  2067 | D:1      | 2067 ||| UPGRADING to +0 ring mail.
  2077 | D:1      | 2077 ||| DROPPING +0 animal skin.
  2078 | D:1      | 2078 ||| UPGRADING to +0 scale mail.
  2088 | D:1      | 2088 ||| DROPPING +0 ring mail.
  2089 | D:1      | 2089 ||| UPGRADING to +0 pair of boots.
  2094 | D:1      | 2094 ||| READING scroll labelled ACVAUH TUQAPY.
  2095 | D:1      | 2095 ||| READING scroll labelled GIUBYU TYDOMM.
  2100 | D:1      | 2100 ||| READING scroll labelled KEN NINIJIYLAU.
  2133 | D:2      | Reached skill level 4 in Axes
  2164 | D:2      | 2164 ||| Stepping ~*~*~tactically~*~*~ (stealth).
  2168 | D:2      | 2168 ||| Stepping ~*~*~tactically~*~*~ (stealth).
  2378 | D:2      | 2378 ||| Stepping ~*~*~tactically~*~*~ (hiding).
  2820 | D:2      | 2820 ||| Stepping ~*~*~tactically~*~*~ (hiding).
  2827 | D:2      | Reached ** piety under Trog
  3040 | D:2      | 3040 ||| Stepping ~*~*~tactically~*~*~ (stealth).
  3042 | D:2      | 3042 ||| Stepping ~*~*~tactically~*~*~ (stealth).
  3121 | D:2      | Reached XP level 4. HP: 28/28 MP: 4/4
  3340 | D:2      | 3340 ||| READING scroll labelled GOOKER OSYNG.
  3341 | D:2      | 3341 ||| READING scroll labelled LOEK PUTAGREAQ.
  3342 | D:2      | 3342 ||| READING scroll labelled QUADAL YNWONEU.
  3343 | D:2      | 3343 ||| DROPPING +0 flail of holy wrath.
  3344 | D:2      | 3344 ||| READING scroll labelled OCZUIL DAN MAT.
  3424 | D:3      | 3424 ||| INVOKING Berserk.
  3672 | D:3      | 3672 ||| Stepping ~*~*~tactically~*~*~ (stealth).
  3717 | D:3      | Reached skill level 5 in Axes
  3754 | D:3      | Reached XP level 5. HP: 32/32 MP: 5/5
  3799 | D:3      | 3799 ||| Stepping ~*~*~tactically~*~*~ (stealth).
  3804 | D:3      | 3804 ||| INVOKING Berserk.
  4329 | D:3      | 4329 ||| UPGRADING to +0 chain mail.
  4339 | D:3      | 4339 ||| DROPPING +0 scale mail.
  4356 | D:4      | Found a hide-covered altar of Uskayaw.
  4382 | D:4      | Noticed a phantom
  4388 | D:4      | Killed a phantom
  4389 | D:4      | Reached XP level 6. HP: 38/38 MP: 6/6
  4423 | D:4      | 4423 ||| INVOKING Berserk.
  4427 | D:4      | Reached skill level 6 in Axes
  4552 | D:4      | Reached skill level 3 in Armour
  4672 | D:4      | Found a sacrificial altar of Ru.
  4736 | D:4      | 4736 ||| INVOKING Berserk.
  4842 | D:4      | Noticed a black bear
  4845 | D:4      | 4845 ||| INVOKING Berserk.
  4848 | D:4      | Killed a black bear
  4849 | D:4      | Reached XP level 7. HP: 43/43 MP: 7/7
  5135 | D:4      | Found a shimmering altar of Xom.
  5341 | D:4      | 5341 ||| UPGRADING to +0 buckler.
  5346 | D:4      | 5346 ||| READING scroll labelled VOUFIRI WIYTHRA.
  5347 | D:4      | 5347 ||| DRINKING 2 smoky coppery potions.
  5348 | D:4      | 5348 ||| DRINKING 2 sedimented yellow potions.
  5349 | D:4      | 5349 ||| DROPPING potion of attraction.
  5378 | D:5      | Entered Level 5 of the Dungeon
  5634 | D:5      | Reached skill level 1 in Shields
  5666 | D:5      | 5666 ||| INVOKING Berserk.
  5993 | D:5      | Found a runed translucent gate.
  5994 | D:5      | Found a runed translucent gate.
  5995 | D:5      | Found a runed translucent gate.
  5996 | D:5      | Noticed qw's ghost (novice BaCK)
  6052 | D:5      | Noticed a moth of wrath
  6056 | D:5      | Found a bloodstained altar of Trog.
  6061 | D:5      | 6061 ||| INVOKING Berserk.
  6084 | D:5      | 6084 ||| FLEEEEING.
  6085 | D:5      | 6085 ||| FLEEEEING.
  6086 | D:5      | 6086 ||| FLEEEEING.
  6087 | D:5      | 6087 ||| FLEEEEING.
  6088 | D:5      | 6088 ||| FLEEEEING.
  6394 | D:5      | 6394 ||| DROPPING scarf of shadows.
  6395 | D:5      | 6395 ||| UPGRADING to ring of see invisible.
  6396 | D:5      | 6396 ||| READING scroll labelled REXTYN TIPT.
  6396 | D:5      | Identified a scroll of acquirement
  6396 | D:5      | 6396 ||| ACQUIRING +1 pair of gloves of Kino {-Tele Contam
                  | rPois Str+8}
  6396 | D:5      | Acquired the +1 pair of gloves of Kino {-Tele Contam rPois
                  | Str+8}
  6447 | D:6      | Reached skill level 3 in Shields
  6527 | D:6      | 6527 ||| INVOKING Berserk.
  6530 | D:6      | HP: 15/64 [ogre/+0 giant spiked club (25)]
  6534 | D:6      | Reached skill level 7 in Axes
  6811 | D:6      | 6811 ||| INVOKING Berserk.
  6815 | D:6      | Reached XP level 8. HP: 31/48 MP: 8/8
  7064 | D:6      | 7064 ||| INVOKING Berserk.
  7414 | D:6      | 7414 ||| INVOKING Berserk.
  7421 | D:6      | Reached skill level 8 in Axes
  7536 | D:6      | 7536 ||| FLEEEEING.
  7537 | D:6      | 7537 ||| FLEEEEING.
  7538 | D:6      | 7538 ||| FLEEEEING.
  7539 | D:6      | 7539 ||| FLEEEEING.
  7540 | D:6      | 7540 ||| FLEEEEING.
  7541 | D:6      | 7541 ||| FLEEEEING.
  7542 | D:6      | 7542 ||| FLEEEEING.
  7543 | D:6      | 7543 ||| FLEEEEING.
  7544 | D:6      | 7544 ||| FLEEEEING.
  7545 | D:6      | 7545 ||| FLEEEEING.
  7546 | D:6      | 7546 ||| FLEEEEING.
  7547 | D:6      | 7547 ||| FLEEEEING.
  7548 | D:6      | 7548 ||| FLEEEEING.
  7549 | D:6      | 7549 ||| FLEEEEING.
  7550 | D:6      | 7550 ||| FLEEEEING.
  7551 | D:6      | 7551 ||| FLEEEEING.
  7552 | D:6      | 7552 ||| FLEEEEING.
  7553 | D:6      | 7553 ||| FLEEEEING.
  7554 | D:6      | 7554 ||| FLEEEEING.
  7555 | D:6      | 7555 ||| FLEEEEING.
  7556 | D:6      | 7556 ||| STAIRDANCE
  7648 | D:5      | 7648 ||| DRINKING 2 murky grey potions.
  7649 | D:5      | 7649 ||| DROPPING potion of flight.
  7949 | D:6      | 7949 ||| DRINKING 2 lumpy blue potions.
  7964 | D:7      | 7964 ||| PLANNING OSSUARY
  7969 | D:7      | 7969 ||| STAIRDANCE
  7979 | D:7      | 7979 ||| STAIRDANCE
  8004 | D:7      | 8004 ||| Stepping ~*~*~tactically~*~*~ (stealth).
  8006 | D:7      | 8006 ||| Stepping ~*~*~tactically~*~*~ (stealth).
  8007 | D:7      | 8007 ||| Stepping ~*~*~tactically~*~*~ (stealth).
  8011 | D:7      | 8011 ||| FLEEEEING.
  8012 | D:7      | 8012 ||| STAIRDANCE
  8038 | D:6      | Reached skill level 6 in Fighting
  8048 | D:6      | 8048 ||| FLEEEEING.
  8049 | D:6      | 8049 ||| FLEEEEING.
  8050 | D:6      | 8050 ||| FLEEEEING.
  8069 | D:6      | 8069 ||| Stepping ~*~*~tactically~*~*~ (stealth).
  8125 | D:6      | 8125 ||| READING scroll of brand weapon.
  8125 | D:6      | 8125 ||| BRANDING +0 hand axe of flaming.
  8133 | D:7      | 8133 ||| STAIRDANCE
  8160 | D:7      | 8160 ||| STAIRDANCE
  8183 | D:6      | 8183 ||| DROPPING +0 club.
  8197 | D:7      | 8197 ||| DROPPING +0 whip.
  8230 | D:7      | Found a flagged portal.
  8249 | D:7      | Found a shadowy altar of Dithmenos.
  8314 | D:7      | Found a sand-covered staircase.
  8315 | D:7      | 8315 ||| DROPPING ring of magical power.
  8316 | D:7      | 8316 ||| DRINKING 2 emerald potions.
  8325 | Ossuary  | Entered an ossuary
  8581 | Ossuary  | Reached *** piety under Trog
  8781 | Ossuary  | 8781 ||| READING scroll of acquirement.
  8781 | Ossuary  | 8781 ||| ACQUIRING +4 ring of protection
  8781 | Ossuary  | Acquired a +4 ring of protection
  8783 | Ossuary  | 8783 ||| UPGRADING to +4 ring of protection.
  8797 | Ossuary  | Reached XP level 9. HP: 54/55 MP: 9/9
  8932 | Ossuary  | Reached skill level 9 in Axes
  8939 | Ossuary  | 8939 ||| DRINKING 2 murky golden potions.
  9040 | Ossuary  | 9040 ||| DRINKING 2 lumpy inky potions.
  9041 | Ossuary  | 9041 ||| DROPPING potion of ambrosia.
  9052 | D:7      | 9052 ||| PLANNING D:1-11
  9252 | D:7      | Found an ancient bone altar of Kikubaaqudgha.
  9293 | D:7      | Found a staircase to the Ecumenical Temple.
  9333 | D:7      | 9333 ||| INVOKING Berserk.
  9583 | D:7      | Found a blossoming altar of Fedhas.
  9806 | D:7      | 9806 ||| READING scroll labelled GAABRI IMOH.
  9807 | D:7      | 9807 ||| DRINKING 2 sapphire potions.
  9808 | D:7      | 9808 ||| READING 2 scrolls of identify.
  9808 | D:7      | 9808 ||| IDENTIFYING glowing grey potion
  9809 | D:7      | 9809 ||| DROPPING potion of magic.
  9828 | D:8      | 9828 ||| Stepping ~*~*~tactically~*~*~ (stealth).
  9831 | D:8      | 9831 ||| Stepping ~*~*~tactically~*~*~ (stealth).
  9853 | D:8      | 9853 ||| INVOKING Berserk.
 10066 | D:8      | Noticed Maurice
 10067 | D:8      | 10067 ||| Stepping ~*~*~tactically~*~*~ (hiding).
 10073 | D:8      | Noticed Grum
 10077 | D:8      | 10077 ||| INVOKING Berserk.
 10085 | D:8      | Killed Maurice
 10096 | D:8      | Killed Grum
 10098 | D:8      | HP: 14/59 [wolf[Grum] (8)]
 10099 | D:8      | 10099 ||| READING 3 scrolls of teleportation.
 10100 | D:8      | 10100 ||| DRINKING 3 potions of heal wounds.
 10261 | D:8      | 10261 ||| INVOKING Berserk.
 10399 | D:8      | 10399 ||| Stepping ~*~*~tactically~*~*~ (hiding).
 10420 | D:8      | 10420 ||| INVOKING Berserk.
 10682 | D:8      | Reached skill level 10 in Axes
 10783 | D:8      | 10783 ||| INVOKING Berserk.
 10972 | D:8      | 10972 ||| Stepping ~*~*~tactically~*~*~ (hiding).
 10982 | D:8      | Reached XP level 10. HP: 63/64 MP: 10/10
 11345 | D:8      | Noticed a two-headed ogre
 11348 | D:8      | 11348 ||| INVOKING Berserk.
 11358 | D:8      | Killed a two-headed ogre
 11359 | D:8      | Reached skill level 6 in Shields
 11553 | D:8      | 11553 ||| UPGRADING to +0 plate armour.
 11563 | D:8      | 11563 ||| DROPPING +0 chain mail.
 11564 | D:8      | 11564 ||| UPGRADING to +4 plate armour.
 11574 | D:8      | 11574 ||| DROPPING +0 plate armour.
 11575 | D:8      | 11575 ||| UPGRADING to +0 cloak.
 11580 | D:8      | 11580 ||| UPGRADING to +0 helmet.
 11585 | D:8      | 11585 ||| READING scroll labelled YCIENIZ YMUATH.
 11586 | D:8      | 11586 ||| READING 2 scrolls of identify.
 11586 | D:8      | 11586 ||| IDENTIFYING murky coppery potion
 11587 | D:8      | 11587 ||| DROPPING potion of degeneration.
 11696 | D:9      | Found a glowing silver altar of Zin.
 11870 | D:9      | Reached skill level 6 in Armour
 12196 | D:9      | 12196 ||| Stepping ~*~*~tactically~*~*~ (hiding).
 12360 | D:9      | 12360 ||| SWAPPING to +2 vorpal hand axe.
 12361 | D:9      | 12361 ||| DROPPING +0 hand axe of chaos.
 12962 | D:9      | 12962 ||| READING scroll labelled EPLOAQ DOPAUCZEPIA.
 13058 | D:10     | Entered Level 10 of the Dungeon
 13065 | D:10     | 13065 ||| INVOKING Berserk.
 13075 | D:10     | 13075 ||| STAIRDANCE
 13244 | D:10     | Noticed a deep elf pyromancer
 13265 | D:10     | Killed a deep elf pyromancer
 13378 | D:10     | Found an opulent altar of Gozag.
 13415 | D:10     | 13415 ||| FLEEEEING.
 13416 | D:10     | 13416 ||| FLEEEEING.
 13417 | D:10     | 13417 ||| FLEEEEING.
 13418 | D:10     | 13418 ||| FLEEEEING.
 13419 | D:10     | 13419 ||| FLEEEEING.
 13421 | D:10     | 13421 ||| FLEEEEING.
 13422 | D:10     | 13422 ||| FLEEEEING.
 13423 | D:10     | 13423 ||| FLEEEEING.
 13424 | D:10     | 13424 ||| FLEEEEING.
 13425 | D:10     | 13425 ||| FLEEEEING.
 13426 | D:10     | 13426 ||| FLEEEEING.
 13427 | D:10     | 13427 ||| FLEEEEING.
 13428 | D:10     | 13428 ||| FLEEEEING.
 13429 | D:10     | 13429 ||| FLEEEEING.
 13430 | D:10     | 13430 ||| FLEEEEING.
 13431 | D:10     | 13431 ||| FLEEEEING.
 13432 | D:10     | 13432 ||| FLEEEEING.
 13433 | D:10     | 13433 ||| FLEEEEING.
 13434 | D:10     | 13434 ||| FLEEEEING.
 13435 | D:10     | 13435 ||| FLEEEEING.
 13436 | D:10     | 13436 ||| FLEEEEING.
 13437 | D:10     | 13437 ||| FLEEEEING.
 13438 | D:10     | 13438 ||| FLEEEEING.
 13439 | D:10     | 13439 ||| FLEEEEING.
 13440 | D:10     | 13440 ||| FLEEEEING.
 13441 | D:10     | 13441 ||| FLEEEEING.
 13442 | D:10     | 13442 ||| FLEEEEING.
 13443 | D:10     | 13443 ||| FLEEEEING.
 13444 | D:10     | 13444 ||| FLEEEEING.
 13445 | D:10     | 13445 ||| FLEEEEING.
 13446 | D:10     | 13446 ||| FLEEEEING.
 13447 | D:10     | 13447 ||| FLEEEEING.
 13448 | D:10     | 13448 ||| FLEEEEING.
 13449 | D:10     | 13449 ||| FLEEEEING.
 13450 | D:10     | 13450 ||| STAIRDANCE
 13489 | D:9      | 13489 ||| DRINKING 2 purple potions.
 13497 | D:10     | 13497 ||| STAIRDANCE
 13573 | D:10     | Noticed a boulder beetle
 13576 | D:10     | 13576 ||| INVOKING Berserk.
 13591 | D:10     | Killed a boulder beetle
 13592 | D:10     | Reached skill level 11 in Axes
 13592 | D:10     | Reached XP level 11. HP: 68/68 MP: 11/11
 13711 | D:10     | Found a glowing golden altar of the Shining One.
 13808 | D:10     | Reached **** piety under Trog
 13846 | D:10     | Found Onkumam's Book Shoppe.
 13974 | D:10     | Found a basalt altar of Yredelemnul.
 14028 | D:10     | 14028 ||| Stepping ~*~*~tactically~*~*~ (stealth).
 14040 | D:10     | Found an iron altar of Okawaru.
 14062 | D:10     | Noticed a two-headed ogre
 14063 | D:10     | 14063 ||| INVOKING Berserk.
 14067 | D:10     | Killed a two-headed ogre
 14273 | D:11     | 14273 ||| INVOKING Berserk.
 14274 | D:11     | Found a staircase to the Orcish Mines.
 14300 | D:11     | Reached skill level 9 in Fighting
 14557 | D:11     | 14557 ||| DROPPING +0 flail.
 14614 | D:11     | 14614 ||| INVOKING Berserk.
 14858 | D:11     | Found a staircase to the Lair.
 14869 | D:11     | 14869 ||| Stepping ~*~*~tactically~*~*~ (cloud).
 14874 | D:11     | 14874 ||| INVOKING Berserk.
 14919 | D:11     | HP: 8/71 [komodo dragon (12)]
 14920 | D:11     | 14920 ||| READING 8 scrolls of teleportation.
 14921 | D:11     | 14921 ||| DRINKING 3 potions of heal wounds.
 15239 | D:11     | Noticed a two-headed ogre
 15240 | D:11     | 15240 ||| INVOKING Berserk.
 15245 | D:11     | Killed a two-headed ogre
 15398 | D:11     | 15398 ||| READING scroll of brand weapon.
 15398 | D:11     | 15398 ||| BRANDING +2 vorpal hand axe.
 15491 | D:11     | Noticed an eight-headed hydra
 15492 | D:11     | 15492 ||| INVOKING Brothers in Arms.
 15493 | D:11     | 15493 ||| INVOKING Brothers in Arms.
 15494 | D:11     | 15494 ||| INVOKING Brothers in Arms.
 15495 | D:11     | 15495 ||| INVOKING Brothers in Arms.
 15496 | D:11     | 15496 ||| INVOKING Brothers in Arms.
 15497 | D:11     | 15497 ||| SWAPPING to +0 morningstar.
 15498 | D:11     | 15498 ||| INVOKING Berserk.
 15500 | D:11     | Killed an eight-headed hydra
 15501 | D:11     | Reached skill level 12 in Axes
 15511 | D:11     | 15511 ||| SWAPPING to +2 vampiric hand axe.
 15715 | D:11     | 15715 ||| Stepping ~*~*~tactically~*~*~ (stealth).
 15717 | D:11     | 15717 ||| Stepping ~*~*~tactically~*~*~ (stealth).
 15719 | D:11     | 15719 ||| Stepping ~*~*~tactically~*~*~ (hiding).
 15721 | D:11     | 15721 ||| Stepping ~*~*~tactically~*~*~ (hiding).
 15747 | D:11     | Reached skill level 9 in Armour
 15920 | D:11     | Noticed a cyclops
 15922 | D:11     | 15922 ||| FLEEEEING.
 15939 | D:11     | 15939 ||| FLEEEEING.
 15943 | D:11     | 15943 ||| FLEEEEING.
 15944 | D:11     | 15944 ||| FLEEEEING.
 15945 | D:11     | 15945 ||| FLEEEEING.
 15946 | D:11     | 15946 ||| FLEEEEING.
 15949 | D:11     | 15949 ||| Stepping ~*~*~tactically~*~*~ (hiding).
 15950 | D:11     | 15950 ||| FLEEEEING.
 15957 | D:11     | 15957 ||| FLEEEEING.
 15958 | D:11     | 15958 ||| FLEEEEING.
 15959 | D:11     | 15959 ||| FLEEEEING.
 15960 | D:11     | 15960 ||| FLEEEEING.
 15961 | D:11     | 15961 ||| FLEEEEING.
 15962 | D:11     | 15962 ||| FLEEEEING.
 15963 | D:11     | 15963 ||| FLEEEEING.
 15964 | D:11     | 15964 ||| FLEEEEING.
 15965 | D:11     | 15965 ||| FLEEEEING.
 15966 | D:11     | 15966 ||| FLEEEEING.
 15967 | D:11     | 15967 ||| FLEEEEING.
 15968 | D:11     | 15968 ||| FLEEEEING.
 15969 | D:11     | 15969 ||| FLEEEEING.
 15970 | D:11     | 15970 ||| FLEEEEING.
 15971 | D:11     | 15971 ||| FLEEEEING.
 15972 | D:11     | 15972 ||| FLEEEEING.
 15999 | D:11     | 15999 ||| INVOKING Berserk.
 16006 | D:11     | Killed a cyclops
 16273 | D:11     | 16273 ||| INVOKING Berserk.
 16454 | D:11     | Noticed a cyclops
 16455 | D:11     | 16455 ||| INVOKING Berserk.
 16462 | D:11     | Killed a cyclops
 16577 | D:11     | 16577 ||| PLANNING LAIR
 16577 | D:11     | 16577 ||| DROPPING orb of wrath.
 16578 | D:11     | 16578 ||| READING scroll labelled BUTHUTS LIWNA.
 16579 | D:11     | 16579 ||| READING 3 scrolls labelled RASIYNYACAC.
 16580 | D:11     | 16580 ||| READING 3 scrolls of identify.
 16580 | D:11     | 16580 ||| IDENTIFYING fuming red potion
 16581 | D:11     | 16581 ||| READING 2 scrolls of identify.
 16581 | D:11     | 16581 ||| IDENTIFYING clear potion
 16582 | D:11     | 16582 ||| DROPPING potion of invisibility.
 16583 | D:11     | 16583 ||| DROPPING potion of lignification.
 16584 | D:11     | 16584 ||| DROPPING 2 scrolls of noise.
 16609 | Lair:1   | Entered Level 1 of the Lair of Beasts
 16610 | Lair:1   | 16610 ||| INVOKING Berserk.
 16626 | Lair:1   | Reached XP level 12. HP: 77/77 MP: 12/12
 16645 | Lair:1   | 16645 ||| Stepping ~*~*~tactically~*~*~ (stealth).
 16648 | Lair:1   | 16648 ||| Stepping ~*~*~tactically~*~*~ (hiding).
 16687 | Lair:1   | 16687 ||| INVOKING Berserk.
 16806 | Lair:1   | 16806 ||| INVOKING Berserk.
 17118 | Lair:1   | 17118 ||| INVOKING Berserk.
 17188 | Lair:1   | Noticed a six-headed hydra
 17189 | Lair:1   | 17189 ||| Stepping ~*~*~tactically~*~*~ (stealth).
 17193 | Lair:1   | 17193 ||| SWAPPING to +0 morningstar.
 17194 | Lair:1   | 17194 ||| INVOKING Berserk.
 17198 | Lair:1   | Killed a six-headed hydra
 17199 | Lair:1   | Reached skill level 13 in Axes
 17257 | Lair:1   | 17257 ||| SWAPPING to +2 vampiric hand axe.
 17362 | Lair:1   | Reached skill level 3 in Throwing
 17690 | Lair:1   | 17690 ||| Stepping ~*~*~tactically~*~*~ (stealth).
 17750 | Lair:2   | 17750 ||| Stepping ~*~*~tactically~*~*~ (stealth).
 17754 | Lair:2   | 17754 ||| Stepping ~*~*~tactically~*~*~ (stealth).
 17807 | Lair:2   | Found a hole to the Spider Nest.
 17808 | Lair:2   | 17808 ||| SWAPPING to +0 broad axe.
 17809 | Lair:2   | 17809 ||| DROPPING +2 vampiric hand axe.
 17907 | Lair:2   | 17907 ||| Stepping ~*~*~tactically~*~*~ (stealth).
 17908 | Lair:2   | 17908 ||| Stepping ~*~*~tactically~*~*~ (stealth).
 17987 | Lair:2   | Noticed Nergalle
 17988 | Lair:2   | 17988 ||| INVOKING Berserk.
 17997 | Lair:2   | Killed Nergalle
 18110 | Lair:2   | 18110 ||| INVOKING Berserk.
 18259 | Lair:2   | Noticed Sonja
 18267 | Lair:2   | 18267 ||| Stepping ~*~*~tactically~*~*~ (stealth).
 18282 | Lair:2   | 18282 ||| INVOKING Berserk.
 18293 | Lair:2   | Killed Sonja
 18513 | Lair:2   | Reached skill level 14 in Axes
 18549 | Lair:2   | Found a staircase to the Swamp.
 18550 | Lair:2   | Noticed a six-headed hydra
 18551 | Lair:2   | 18551 ||| INVOKING Brothers in Arms.
 18552 | Lair:2   | 18552 ||| INVOKING Brothers in Arms.
 18555 | Lair:2   | 18555 ||| SWAPPING to +0 morningstar.
 18556 | Lair:2   | 18556 ||| INVOKING Berserk.
 18561 | Lair:2   | Killed a six-headed hydra
 18582 | Lair:2   | 18582 ||| SWAPPING to +0 broad axe.
 18656 | Lair:2   | 18656 ||| INVOKING Berserk.
 19048 | Lair:2   | 19048 ||| Stepping ~*~*~tactically~*~*~ (stealth).
 19203 | Lair:2   | 19203 ||| Stepping ~*~*~tactically~*~*~ (hiding).
 19341 | Lair:2   | 19341 ||| READING scroll of acquirement.
 19341 | Lair:2   | 19341 ||| ACQUIRING +1 pair of boots of Noasuyli {rF+ rC+
                  | Dex+6}
 19341 | Lair:2   | Acquired the +1 pair of boots of Noasuyli {rF+ rC+ Dex+6}
 19343 | Lair:2   | 19343 ||| UPGRADING to +1 pair of boots of Noasuyli {rF+
                  | rC+ Dex+6}.
 19353 | Lair:2   | 19353 ||| DROPPING +0 pair of boots.
 19463 | Lair:2   | 19463 ||| READING scroll labelled WUECWE JEMOBOMELL.
 19502 | Lair:3   | 19502 ||| STAIRDANCE
 19518 | Lair:2   | Reached skill level 3 in Dodging
 19518 | Lair:2   | Reached XP level 13. HP: 77/84 MP: 13/13
 19716 | Lair:3   | 19716 ||| INVOKING Berserk.
 19828 | Lair:3   | Noticed Gastronok
 19830 | Lair:3   | 19830 ||| INVOKING Berserk.
 19842 | Lair:3   | Killed Gastronok
 19933 | Lair:3   | 19933 ||| SWAPPING to +0 morningstar.
 19934 | Lair:3   | 19934 ||| INVOKING Berserk.
 19949 | Lair:3   | 19949 ||| SWAPPING to +0 broad axe.
 20288 | Lair:3   | Reached skill level 15 in Axes
 20354 | Lair:3   | 20354 ||| Stepping ~*~*~tactically~*~*~ (stealth).
 20357 | Lair:3   | Found a runed translucent door.
 20357 | Lair:3   | Found a shimmering altar of Xom.
 20357 | Lair:3   | Noticed qw's ghost (journeyman TrCA)
 20358 | Lair:3   | 20358 ||| INVOKING Berserk.
 20578 | Lair:3   | 20578 ||| READING 2 scrolls of enchant armour.
 20578 | Lair:3   | 20578 ||| ENCHANTING +0 helmet.
 20579 | Lair:3   | 20579 ||| READING scroll of enchant armour.
 20579 | Lair:3   | 20579 ||| ENCHANTING +1 helmet.
 20963 | Lair:3   | 20963 ||| READING scroll labelled ETOUPR VIUWN.
 20993 | Lair:4   | 20993 ||| Stepping ~*~*~tactically~*~*~ (stealth).
 20994 | Lair:4   | 20994 ||| Stepping ~*~*~tactically~*~*~ (stealth).
 20995 | Lair:4   | 20995 ||| Stepping ~*~*~tactically~*~*~ (stealth).
 20997 | Lair:4   | 20997 ||| Stepping ~*~*~tactically~*~*~ (stealth).
 21003 | Lair:4   | 21003 ||| INVOKING Berserk.
 21049 | Lair:4   | Found a runed translucent door.
 21063 | Lair:4   | 21063 ||| READING scroll of enchant weapon.
 21063 | Lair:4   | 21063 ||| ENCHANTING +1 broad axe.
 21157 | Lair:4   | 21157 ||| INVOKING Brothers in Arms.
 21158 | Lair:4   | 21158 ||| INVOKING Brothers in Arms.
 21162 | Lair:4   | 21162 ||| SWAPPING to +0 morningstar.
 21163 | Lair:4   | 21163 ||| INVOKING Berserk.
 21214 | Lair:4   | 21214 ||| SWAPPING to +2 broad axe.
 21249 | Lair:4   | Found a staircase to the Slime Pits.
 21249 | Lair:4   | Found a viscous altar of Jiyva.
 21601 | Lair:4   | 21601 ||| INVOKING Berserk.
 21891 | Lair:4   | 21891 ||| INVOKING Berserk.
 22183 | Lair:4   | 22183 ||| READING 9 scrolls of teleportation.
 22278 | Lair:5   | Entered Level 5 of the Lair of Beasts
 22280 | Lair:5   | 22280 ||| STAIRDANCE
 22337 | Lair:5   | 22337 ||| STAIRDANCE
 22439 | Lair:5   | 22439 ||| STAIRDANCE
 22441 | Lair:4   | 22441 ||| INVOKING Berserk.
 22447 | Lair:4   | Reached skill level 12 in Fighting
 22636 | Lair:5   | 22636 ||| STAIRDANCE
 22638 | Lair:4   | 22638 ||| INVOKING Berserk.
 22786 | Lair:5   | 22786 ||| STAIRDANCE
 22788 | Lair:4   | 22788 ||| INVOKING Brothers in Arms.
 22789 | Lair:4   | 22789 ||| INVOKING Brothers in Arms.
 22789 | Lair:4   | HP: 20/86 [elephant (2)]
 22790 | Lair:4   | 22790 ||| READING 8 scrolls of teleportation.
 22791 | Lair:4   | 22791 ||| DRINKING 2 potions of heal wounds.
 22792 | Lair:4   | 22792 ||| SWAPPING to +0 morningstar.
 22793 | Lair:4   | 22793 ||| INVOKING Berserk.
 22793 | Lair:4   | Noticed an entropy weaver
 22798 | Lair:4   | HP: 28/129 [entropy weaver (9)]
 22800 | Lair:4   | HP: 12/129 [fire crab (7)]
 22806 | Lair:4   | HP: 4/129 [entropy weaver (4)]
 22806 | Lair:4   | Slain by an entropy weaver

Levels and vault maps discovered:
D:1:      lightli_arrival_lavapool, layout_basic,
          dilly_ecumenical_altar_fadedgnrine, nicolae_figureground_sparkle
D:2:      layout_basic
D:3:      layout_basic, minivault_25
D:4:      layout_loops_ring, xom_butterflies,
          nicolae_uskayaw_murder_on_the_dancefloor, hangedman_ru_absence
D:5:      layout_gridville, tgw_trog, biasface_ghost_orc_armoury
D:6:      layout_basic, hangedman_decor_diamond_cutter
D:7:      layout_basic, fedhas_altar_3,
          nicolae_dithmenos_through_a_glass_darkly,
          mainiacjoe_overflow_cross_hatched, minmay_temple_entry_waves,
          enter_bailey_2, chequers_ossuary_entry_cave
D:8:      layout_basic, minmay_misc_feat_hallway, uniq_maurice, uniq_grum
D:9:      layout_roguey, zin_statuary, hangedman_abyss_or_decor_clamps
D:10:     layout_roguey, lemuel_zombie_altar_yredelemnul,
          nicolae_gozag_cash_rules_everything_around_me,
          nicolae_overflow_crystal_walls, okawaru_altar_gauntlet_db,
          serial_shops, shop
D:11:     layout_irregular_city, erik_lair_dragon, david_orc_5
Lair:1:   layout_regular_city, serial_bayou_pond_b
Lair:2:   layout_roguey, minmay_swamp_entry_reptiles, spider_nest_entry_a,
          serial_bayou_shore_b, grunt_megastairs_5, uniq_nergalle, uniq_sonja
Lair:3:   layout_concentric_octagons, ebering_ghost_xom, uniq_gastronok
Lair:4:   gammafunk_mikee_crab_dinner, layout_cave_pods, slime_entry_1
Lair:5:   minmay_lair_end_enchanted_forest, layout_cave_shapes,
          nicolae_quartered_pool_little, lemuel_fruit_tree

Skill      XL: |  1  2  3  4  5  6  7  8  9 10 11 12 13 |
---------------+----------------------------------------+-----
Axes           | 3 4 5 6 7 8 10 11 12 14 15 | 15.3
Fighting       | 4 6 8 10 11 12 | 12.0
Armour         | 3 4 5 7 9 10 11 | 11.0
Shields        | 3 4 6 7 |  7.3
Throwing       | 2 3 |  3.3
Dodging        | 2 3 4 |  4.3

Action                   |  1- 3 |  4- 6 |  7- 9 | 10-12 | 13-15 || total
-------------------------+-------+-------+-------+-------+-------++-------
Melee: Hand axe          |   127 |    84 |   473 |   627 |       ||  1311
       Punch             |       |       |     1 |       |       ||     1
       Morningstar       |       |       |       |    24 |    29 ||    53
       Broad axe         |       |       |       |   162 |   217 ||   379
Throw: Boomerang         |       |    14 |     7 |    78 |    34 ||   133
Invok: Berserk           |     3 |     5 |    12 |    22 |    11 ||    53
       Brothers in Arms  |       |       |       |     2 |     1 ||     3
  Use: Scroll            |     3 |     4 |     7 |    11 |     6 ||    31
       Potion            |       |       |     9 |     2 |     1 ||    12
 Stab: Confused          |       |       |     3 |       |       ||     3
       Paralysed         |       |       |     3 |       |       ||     3
       Petrifying        |       |       |     1 |       |       ||     1
       Distracted        |       |       |       |     1 |       ||     1
Armor: Animal skin       |    30 |       |       |       |       ||    30
       Scale mail        |    19 |    16 |       |       |       ||    35
       Chain mail        |       |    23 |   222 |    12 |       ||   257
       Plate armour      |       |       |       |   550 |   300 ||   850
Dodge: Dodged            |    47 |    32 |   154 |   255 |   120 ||   608
Block: Buckler           |       |       |    69 |   154 |    81 ||   304

Table legend:
 A = Non-vault XP
 B = Vault XP
 C = Vault XP percentage of total XP
 D = Non-vault monster count
 E = Vault monster count
 F = Vault count percentage of total count
                 A         B        C        D         E       F
            +---------+---------+-------+---------+---------+-------
      Total |   44736 |    8372 |  15.8 |     307 |     100 |  24.6
            +---------+---------+-------+---------+---------+-------
        D:1 |      51 |       0 |   0.0 |      28 |       0 |   0.0
        D:2 |      33 |       0 |   0.0 |      19 |       0 |   0.0
        D:3 |     140 |       0 |   0.0 |      22 |       0 |   0.0
        D:4 |     493 |       0 |   0.0 |      17 |       0 |   0.0
        D:5 |      88 |      13 |  12.9 |       4 |       5 |  55.6
        D:6 |    1168 |       0 |   0.0 |      19 |       0 |   0.0
        D:7 |     301 |       0 |   0.0 |       8 |       0 |   0.0
        D:8 |    1810 |    1029 |  36.2 |      24 |       5 |  17.2
        D:9 |    1395 |       0 |   0.0 |      17 |       0 |   0.0
       D:10 |    3743 |     443 |  10.6 |      20 |       8 |  28.6
       D:11 |    4321 |    2019 |  31.8 |      16 |      29 |  64.4
     Lair:1 |    4189 |     637 |  13.2 |      15 |       4 |  21.1
     Lair:2 |    8226 |    2219 |  21.2 |      37 |       7 |  15.9
     Lair:3 |    9338 |    1466 |  13.6 |      24 |       1 |   4.0
     Lair:4 |    9440 |       0 |   0.0 |      37 |       0 |   0.0
    Ossuary |       0 |     546 | 100.0 |       0 |      41 | 100.0
            +---------+---------+-------+---------+---------+-------
